[Event "Team 45 45 League T49"]
[Site "Internet Chess Club"]
[Date "2011.06.14"]
[Round "5"]
[White "Invicta-Knight"]
[Black "BrerRabbit"]
[Result "1-0"]
[WhiteElo "1495"]
[BlackElo "1511"]
[Opening "Pirc: Byrne variation"]
[ECO "B07"]
[Time "14:25:49"]
[TimeControl "2700+45"]

1. e4 d6 2. d4 Nf6 3. Nc3 g6 4. Bg5 Bg7 5. Qd2 h6 6. Bf4 g5 7. Bg3 Nh5 8. O-O-O
c6 9. Be2 Nxg3 10. hxg3 Qc7 11. f4 b5 12. fxg5 hxg5 13. Rxh8+ Bxh8 14. Qxg5 Bf6
15. Qg8+ Kd7 16. Bg4+ e6 17. Qxf7+ Be7 18. Bxe6+ Kd8 19. Qg8+ Bf8 20. Qxf8#
{Black checkmated} 1-0

[Event "Team 45 45 League T49"]
[Site "Internet Chess Club"]
[Date "2011.06.11"]
[Round "5"]
[White "chesskix"]
[Black "matthewc"]
[Result "1-0"]
[WhiteElo "1450"]
[BlackElo "1408"]
[Opening "Queen's pawn game"]
[ECO "D02"]
[Time "20:00:05"]
[TimeControl "2700+45"]

1. Nf3 d5 2. d4 e6 3. g3 Nf6 4. Bg2 c6 5. O-O Nbd7 6. c3 Bd6 7. Nbd2 O-O 8. Nb3
b6 9. Ng5 h6 10. Nh3 Bb7 11. Re1 Re8 12. Nf4 e5 13. dxe5 Nxe5 14. Nd4 c5 15. Nf5
Qd7 16. Nxd6 Qxd6 17. Nd3 Nxd3 18. Qxd3 Ne4 19. Bf4 c4 20. Qd4 Qc5 21. e3 Qxd4
22. exd4 Nf6 23. h3 a5 24. a3 b5 25. g4 b4 26. axb4 axb4 27. Rxe8+ Nxe8 28. Rxa8
Bxa8 29. cxb4 Nf6 30. b5 Ne4 31. b6 c3 32. bxc3 Nxc3 33. Kf1 Na4 34. Bc7 Kf8 35.
Bf3 Ke7 36. Bd1 Nb2 37. Be2 Nc4 38. Bd1 Kd7 39. Ba4+ Kc8 40. Ke2 Kb7 41. Be8 f6
42. Bf7 Nxb6 43. Bg3 Ka6 44. h4 Kb5 45. f3 Kc4 46. Bf2 Kc3 47. f4 Nc4 48. Bg6
Nd2 49. Be1 Kxd4 50. Bxd2 Kc4 51. Bd3+ Kc5 52. Ba5 Bc6 53. Bd8 Kd6 54. Ke3 Kd7
55. Ba5 Ke6 56. Kd4 g5 57. Bf5+ Ke7 58. hxg5 fxg5 59. fxg5 hxg5 60. Ke5 Bb7 61.
Bd2 Kf7 62. Bxg5 Kg7 63. Be3 Kf7 64. Bd4 Kg8 65. Kf6 Bc6 66. g5 Be8 67. Be6+ Kh7
68. Bxd5 Kh8 69. Ke7+ Kh7 70. Kxe8 Kg6 71. Bf6 Kh7 72. Kf8 Kg6 73. Be4+ Kh5 74.
g6 Kh6 75. g7 Kh5 76. g8=Q Kh6 77. Qg6# {Black checkmated} 1-0

[Event "Team 45 45 League T49"]
[Site "Internet Chess Club"]
[Date "2011.06.14"]
[Round "5"]
[White "JimGaming"]
[Black "Cicero"]
[Result "0-1"]
[WhiteElo "1265"]
[BlackElo "1382"]
[Opening "Sicilian: Hungarian variation"]
[ECO "B27"]
[Time "17:01:01"]
[TimeControl "2700+45"]

1. e4 c5 2. Nf3 g6 3. Bb5 Bg7 4. c3 Nc6 5. O-O d6 6. Re1 Bd7 7. d4 a6 8. Bf1 e6
9. dxc5 dxc5 10. Qd6 Nge7 11. Qxc5 O-O 12. Be3 Rc8 13. Qb6 Ne5 14. Qxb7 Nxf3+
15. gxf3 Rb8 16. Qxa6 Rxb2 17. Bc1 Rb6 18. Qa3 Nc6 19. Be3 Rb8 20. Nd2 Ne5 21.
Bd4 Qg5+ 22. Bg2 Qxd2 23. Qc1 Qxc1 24. Rexc1 Rb2 25. c4 Rd2 26. Be3 Rd3 27. Rab1
Ba4 28. f4 Ng4 29. Bf3 Nxe3 30. fxe3 Rxe3 31. Kf2 Rd3 32. e5 Ra3 33. Rb2 f6 34.
c5 fxe5 35. c6 e4 36. c7 Bd7 37. Rb8 Bc8 38. Rd1 exf3 39. Rd8 Rxa2+ 40. Kxf3 Kf7
41. Rbxc8 Ke7 42. Rxf8 Bxf8 43. Rxf8 Kd7 44. Rf7+ Kc8 45. Rxh7 Ra3+ 46. Kg4 Ra4
47. Rg7 e5 48. Rf7 e4 49. Kg5 Ra6 50. f5 Rc6 51. fxg6 Rc5+ 52. Kh6 Rc6 53. Kh7
Rc2 54. g7 Rxh2+ 55. Kg8 e3 56. Kf8 e2 57. Re7 Rf2+ 58. Ke8 Rg2 59. Rf7 e1=Q+
60. Kf8 Qb4+ 61. Kg8 Qc4 62. Kf8 Qc5+ 63. Kg8 Qd5 64. Kf8 Qd6+ 65. Kg8 Qe6 66.
Kf8 Qd6+ 67. Kg8 Rc2 68. Kh8 Qh6+ 69. Kg8 Rxc7 70. Rxc7+ Kxc7 71. Kf7 Qh5+ 72.
Kf8 Qf5+ 73. Kg8 Qf6 74. Kh7 Qf7 75. Kh8 Qh5+ 76. Kg8 Kd7 77. Kf8 Qe8# {White
checkmated} 0-1

[Event "Team 45 45 League T49"]
[Site "Internet Chess Club"]
[Date "2011.06.11"]
[Round "5"]
[White "Xanther"]
[Black "Gilguli"]
[Result "1-0"]
[WhiteElo "1460"]
[BlackElo "1387"]
[Opening "Sicilian: Alapin's variation (2.c3)"]
[ECO "B22"]
[Time "17:00:56"]
[TimeControl "2700+45"]

1. e4 c5 2. c3 b6 3. d4 Bb7 4. Bd3 Nc6 5. Nf3 g6 6. Bf4 cxd4 7. cxd4 Bg7 8. d5
Bxb2 9. dxc6 Bxc6 10. Nbd2 Bxa1 11. Qxa1 Nf6 12. O-O O-O 13. Bh6 Re8 14. h3 b5
15. e5 Nd5 16. e6 f6 17. Nd4 Qb6 18. Re1 d6 19. Qb2 a6 20. Nxc6 Qxc6 21. Be4 Qc3
22. Qxc3 Nxc3 23. Bxa8 Rxa8 24. a3 g5 25. h4 gxh4 26. Ne4 Nxe4 27. Rxe4 Rc8 28.
a4 Rc4 29. Rxc4 bxc4 30. Kf1 d5 31. Ke2 d4 32. Kd2 f5 33. Kc2 f4 34. Bxf4 Kg7
35. Be5+ Kg6 36. Bxd4 Kf5 37. Kc3 Kxe6 38. Kxc4 Kd6 39. Kb4 e5 40. Be3 Kd5 41.
Ka5 Kc4 42. Kxa6 Kb4 43. a5 h5 {Black resigns} 1-0

[Event "Team 45 45 League T49"]
[Site "Internet Chess Club"]
[Date "2011.06.09"]
[Round "5"]
[White "Oscar"]
[Black "Kristian1974"]
[Result "1-0"]
[WhiteElo "1569"]
[BlackElo "1538"]
[Opening "Caro-Kann: classical variation"]
[ECO "B18"]
[Time "15:30:29"]
[TimeControl "2700+45"]

1. e4 c6 2. d4 d5 3. Nc3 dxe4 4. Nxe4 Bf5 5. Bd3 Qxd4 6. Nf3 Qd7 7. O-O Bxe4 8.
Bxe4 Qxd1 9. Rxd1 Nf6 10. Bd3 e6 11. Bf4 Nd5 12. Bg3 Nd7 13. c3 Nc5 14. Bc2 Rd8
15. Rd2 Bd6 16. Bxd6 Rxd6 17. c4 Nb4 18. Rxd6 Nxc2 19. Rad1 O-O 20. Rd8 a5 21.
Rxf8+ Kxf8 22. Nd4 Nb4 23. a3 Nbd3 24. b4 axb4 25. axb4 Nxb4 26. Rb1 Nba6 27.
Nb3 Ne4 28. Na5 Nd6 29. Nxb7 Nxc4 30. Nd8 c5 31. Nc6 Nd6 32. Rd1 Nb7 33. Rd7 g6
34. Rxb7 c4 35. Ra7 c3 36. Rxa6 c2 37. Ra1 Ke8 {Black resigns} 1-0

[Event "Team 45 45 League T49"]
[Site "Internet Chess Club"]
[Date "2011.06.14"]
[Round "5"]
[White "doublepar"]
[Black "arconia"]
[Result "1-0"]
[WhiteElo "1388"]
[BlackElo "1235"]
[Opening "Sicilian: Taimanov variation"]
[ECO "B46"]
[Time "20:00:19"]
[TimeControl "2700+45"]

1. e4 c5 2. Nf3 Nc6 3. d4 cxd4 4. Nxd4 e6 5. Nc3 a6 6. Be3 Nf6 7. Nxc6 bxc6 8.
Be2 Be7 9. g4 d5 10. e5 Nd7 11. Bf4 Rb8 12. b3 Bb4 13. Bd2 Nxe5 14. Na4 Ba3 15.
Bc3 Bb4 16. Qd4 Qf6 17. O-O-O Ba3+ 18. Kb1 Bd6 19. f4 c5 20. fxe5 Bxe5 21. Qxe5
Qxe5 22. Bxe5 O-O 23. Bxb8 {Black resigns} 1-0

[Event "Team 45 45 League T49"]
[Site "Internet Chess Club"]
[Date "2011.06.12"]
[Round "5"]
[White "eyalki"]
[Black "SeniorCitizen"]
[Result "0-1"]
[WhiteElo "1449"]
[BlackElo "1328"]
[Opening "French: advance, Nimzovich system"]
[ECO "C02"]
[Time "14:32:21"]
[TimeControl "2700+45"]

1. e4 e6 2. d4 d5 3. e5 c5 4. Nf3 Nc6 5. Bb5 Bd7 6. O-O Qb6 7. Nc3 cxd4 8. Bxc6
Bxc6 9. Ne2 Bb5 10. Nfxd4 Bxe2 11. Nxe2 Ne7 12. b3 Ng6 13. Be3 Bc5 14. Bxc5 Qxc5
15. Qd4 Qxd4 16. Nxd4 Nxe5 17. Nb5 O-O 18. Rfe1 Nc6 19. c3 Rfd8 20. Rad1 a6 21.
Nd4 Nxd4 22. Rxd4 b5 23. Red1 Ra7 24. c4 Rad7 25. f4 Kf8 26. Kf2 Ke7 27. g4 bxc4
28. bxc4 dxc4 29. Rxd7+ Rxd7 30. Rxd7+ Kxd7 31. Ke2 Kd6 32. Kd2 Kd5 33. Kc3 Ke4
34. Kxc4 Kxf4 35. h3 e5 36. Kd3 e4+ 37. Ke2 g5 38. a3 a5 39. Kf2 f5 40. gxf5
Kxf5 41. Ke3 a4 42. Kf2 Kf4 43. Ke2 h5 44. Kf2 g4 45. hxg4 hxg4 46. Ke2 g3 47.
Kf1 Kf3 48. Kg1 g2 49. Kh2 Kf2 {White resigns} 0-1

[Event "Team 45 45 League T49"]
[Site "Internet Chess Club"]
[Date "2011.06.10"]
[Round "5"]
[White "Just-Jim"]
[Black "joshq03"]
[Result "1-0"]
[WhiteElo "1396"]
[BlackElo "1250"]
[Opening "English opening"]
[ECO "A20"]
[Time "19:00:28"]
[TimeControl "2700+45"]

1. c4 e5 2. e4 Nf6 3. d3 Bc5 4. Nc3 d6 5. h3 Nc6 6. Nf3 O-O 7. Bg5 h6 8. Bh4 Be6
9. Be2 Qe7 10. O-O Rad8 11. Nh2 Nd4 12. Bg4 c6 13. Kh1 b5 14. cxb5 cxb5 15. Ne2
d5 16. f4 Nxe2 17. Qxe2 exf4 18. Rxf4 g5 19. Rff1 gxh4 20. e5 Nxg4 21. Nxg4 Qg5
22. Nf6+ Kh8 23. Rac1 Bd4 24. Rce1 Rc8 25. Nh5 Bd7 26. Rf4 Bc5 27. b4 Bb6 28. d4
a5 29. Qf2 Be6 30. Rxh4 axb4 31. Qf6+ Qxf6 32. Nxf6 Rc2 33. Rxh6+ Kg7 34. Rh7+
Kg6 35. h4 Bxd4 36. h5+ Kg5 37. Rg7+ Kf5 38. g4+ Kf4 39. h6 Kg3 40. Nh5+ Kh3 41.
Nf4+ Kg3 42. Ne2+ Kf3 43. Nxd4+ Kf2 44. Nxc2 Rh8 45. g5 d4 46. Rc1 d3 47. Nxb4
d2 48. Rc2 Ke2 49. Kg2 Ke1 50. Rxd2 Kxd2 51. g6 fxg6 52. Rxg6 Kc3 53. a3 Kb3 54.
Rxe6 Kxa3 55. Nc2+ Kb3 56. Nd4+ Kc4 57. Nxb5 Kxb5 58. Rg6 Kc5 59. e6 Kd6 60. Rf6
Ke7 61. Rg6 Kd6 62. Kg3 Rh7 63. Kf4 Re7 64. Kf5 Rh7 65. Kf6 Re7 66. Kg5 Rh7 67.
Rg7 Rh8 68. h7 Kxe6 69. Kg6 Ke5 70. Rg8 Rxg8+ 71. hxg8=Q Ke4 72. Qf7 Ke3 73. Kg5
Ke2 74. Qf4 Kd3 75. Kf5 Kc3 76. Qd6 Kc4 77. Ke5 Kc3 78. Ke4 Kb3 79. Qc5 Ka4 80.
Kd3 Kb3 81. Qc4+ Ka3 82. Kd2 Kb2 83. Qc3+ Kb1 84. Qb4+ Ka2 85. Kc2 Ka1 86. Qb2#
{Black checkmated} 1-0

[Event "Team 45 45 League T49"]
[Site "Internet Chess Club"]
[Date "2011.06.11"]
[Round "5"]
[White "wildcat2023"]
[Black "dabodhi"]
[Result "1-0"]
[WhiteElo "1322"]
[BlackElo "1201"]
[Opening "Scandinavian defense"]
[ECO "B01"]
[Time "14:00:50"]
[TimeControl "2700+45"]

1. e4 d5 2. exd5 Nf6 3. Bb5+ Bd7 4. Bc4 b5 5. Bb3 a5 6. c4 bxc4 7. Bxc4 Bg4 8.
Qa4+ Bd7 9. Qb3 a4 10. Qb7 Ra5 11. d4 c6 12. Bd2 cxd5 13. Bxa5 Qxa5+ 14. Nc3
dxc4 15. Qxb8+ Qd8 16. Qb4 e5 17. Qxc4 exd4 18. Qxd4 Be7 19. Nf3 O-O 20. O-O Qb8
21. Nd5 Re8 22. Nxf6+ Bxf6 23. Qxd7 Rd8 24. Qxa4 Qxb2 25. Rab1 Qe2 26. Rfe1 Qd3
27. Re8+ {Black resigns} 1-0

[Event "Team 45 45 League T49"]
[Site "Internet Chess Club"]
[Date "2011.06.12"]
[Round "5"]
[White "Nosaj"]
[Black "theartist"]
[Result "1-0"]
[WhiteElo "1350"]
[BlackElo "1178"]
[Opening "French defense"]
[ECO "C01"]
[Time "12:31:42"]
[TimeControl "2700+45"]

1. e4 e6 2. d4 d5 3. f3 c5 4. c4 dxc4 5. d5 exd5 6. exd5 Nf6 7. Bxc4 Bd6 8. Ne2
O-O 9. O-O Nbd7 10. Nbc3 a6 11. f4 b5 12. Bb3 c4 13. Bc2 Bc5+ 14. Kh1 Nb6 15. f5
Nbxd5 16. Bg5 Bb7 17. Be4 Qd6 18. Bxd5 Nxd5 19. Nxd5 Qxd5 20. Qxd5 Bxd5 21. f6
Rfe8 22. Nf4 Bb7 23. Nh5 Re2 24. Nf4 Rxb2 25. fxg7 Re8 26. Rfd1 Bb6 27. h3 Rc8
28. Rab1 Rxb1 29. Rxb1 Be4 30. Re1 Re8 31. Kh2 Bc6 32. Rf1 Re2 33. Nxe2 {Black
resigns} 1-0

[Event "Team 45 45 League T49"]
[Site "Internet Chess Club"]
[Date "2011.06.12"]
[Round "5"]
[White "Cicero"]
[Black "hi12980"]
[Result "0-1"]
[WhiteElo "1370"]
[BlackElo "1471"]
[Opening "Vienna game"]
[ECO "C26"]
[Time "16:00:24"]
[TimeControl "2700+45"]

1. e4 e5 2. Nc3 Nf6 3. Bc4 Bc5 4. Nf3 O-O 5. d4 exd4 6. Nxd4 Re8 7. Bg5 d5 8.
Nxd5 Rxe4+ 9. Ne2 Qd6 10. Bxf6 gxf6 11. O-O Rxc4 12. Ng3 Rd4 13. Qe2 Rxd5 14.
Ne4 Re5 15. Qf3 Qe6 16. Nxf6+ Kh8 17. Qf4 Rf5 18. Qxc7 Bd6 19. Qd8+ Kg7 20. Rae1
Qxf6 21. Qxc8 a5 22. Re8 Ra6 23. Qxb7 Rc6 24. Re6 Qxe6 {White resigns} 0-1

[Event "Team 45 45 League T49"]
[Site "Internet Chess Club"]
[Date "2011.06.19"]
[Round "5"]
[White "kingsleywang"]
[Black "IanT"]
[Result "1/2-1/2"]
[WhiteElo "1347"]
[BlackElo "1274"]
[Opening "Ruy Lopez: classical (Cordel) defense"]
[ECO "C64"]
[Time "21:13:09"]
[TimeControl "2700+45"]

1. e4 e5 2. Nf3 Nc6 3. Bb5 Bc5 4. O-O d6 5. c3 Nf6 6. Re1 Bg4 7. Be2 Bxf3 8.
Bxf3 O-O 9. d4 exd4 10. cxd4 Nxd4 11. Nc3 Re8 12. Be3 Nxf3+ 13. Qxf3 Bxe3 14.
Rxe3 Qd7 15. Rd1 Qc6 16. Qf4 Rad8 17. Rde1 h6 18. R3e2 Qc5 19. Rc1 Qe5 20. Qf3
Qg5 21. Rce1 Qg4 22. Qe3 a6 23. Qa7 Qc8 24. Qe3 Qd7 25. Rc1 Re6 26. f3 Rde8 27.
Rec2 d5 28. Rd2 c6 29. Qc5 Qc7 30. exd5 Rd6 31. Rcd1 Red8 32. Ne4 Nxe4 33. fxe4
Qe7 34. Qd4 Qg5 35. Qc4 Qe5 36. Qd4 Qxd4+ 37. Rxd4 f5 38. exf5 Rxd5 39. Rxd5
Rxd5 40. Rxd5 cxd5 41. Kf2 Kf7 42. Ke3 Kf6 43. Kd4 Kxf5 44. Kxd5 Kf4 45. Kd6 Ke3
46. Kc7 b5 47. Kb6 Kf2 48. Kxa6 Kxg2 49. Kxb5 Kxh2 50. a4 g5 51. a5 g4 52. a6 g3
53. a7 g2 54. a8=Q g1=Q 55. Qb8+ Qg3 56. Qxg3+ Kxg3 57. Kc5 h5 58. b4 h4 59. b5
h3 60. b6 h2 61. b7 {Game drawn by mutual agreement} 1/2-1/2

[Event "Team 45 45 League T49"]
[Site "Internet Chess Club"]
[Date "2011.06.15"]
[Round "5"]
[White "chips"]
[Black "Deadly-Spike"]
[Result "1/2-1/2"]
[WhiteElo "1225"]
[BlackElo "1323"]
[Opening "Queen's pawn game, Darooha variation "]
[ECO "D02"]
[Time "14:36:51"]
[TimeControl "2700+45"]

1. Nf3 d5 2. d4 Nf6 3. g3 c6 4. Bg2 e6 5. O-O Bd6 6. e3 Nbd7 7. Nbd2 O-O 8. b3
e5 9. dxe5 Nxe5 10. Nxe5 Bxe5 11. Rb1 Bf5 12. Bb2 Bxb2 13. Rxb2 Qd7 14. c4 dxc4
15. Nxc4 Qc7 16. Qd6 Qxd6 17. Nxd6 Bc8 18. Nxc8 Raxc8 19. Rd2 h6 20. Rfd1 Rfe8
21. Bh3 Rb8 22. Bd7 Nxd7 23. Rxd7 Kf8 24. Kg2 Re7 25. Rxe7 Kxe7 26. Rd4 Rd8 27.
Rxd8 Kxd8 28. Kf3 Ke7 29. Ke4 Ke6 30. Kd4 Kd6 31. b4 b6 32. e4 c5+ 33. bxc5+
bxc5+ 34. Kc4 a6 35. f4 f6 36. g4 g5 37. f5 Ke5 38. Kxc5 Kxe4 39. Kb6 Kf4 40.
Kxa6 Kxg4 41. a4 Kh3 42. Kb6 g4 43. a5 Kxh2 44. a6 g3 45. a7 g2 46. a8=Q g1=Q+
47. Kc7 Qc1+ 48. Kd8 Qd2+ 49. Ke7 Qg5 50. Qa2+ Kh3 51. Qe6 Kg4 52. Qxf6 Qxf5 53.
Qxh6 Qe5+ 54. Qe6+ Qxe6+ 55. Kxe6 {Game drawn because neither player has mating
material} 1/2-1/2

[Event "Team 45 45 League T49"]
[Site "Internet Chess Club"]
[Date "2011.06.09"]
[Round "5"]
[White "XGG123"]
[Black "bhandelman"]
[Result "1-0"]
[WhiteElo "913"]
[BlackElo "1106"]
[Opening "Ruy Lopez: Berlin defense, open variation"]
[ECO "C67"]
[Time "21:30:07"]
[TimeControl "2700+45"]

1. e4 e5 2. Nf3 Nc6 3. Bb5 Nf6 4. O-O Nxe4 5. Qe2 Nf6 6. Nxe5 Qe7 7. Re1 a6 8.
Ba4 b5 9. Bb3 Nd4 10. Qd1 Qc5 11. Nd3+ Qe7 12. Rxe7+ Bxe7 13. Qe1 O-O 14. Qxe7
Re8 15. Qc5 Ne2+ 16. Kh1 Nxc1 17. h3 Ne4 18. Qd5 Re7 19. Qxa8 Re8 20. Nc3 Nxd3
21. cxd3 Nxf2+ 22. Kh2 c6 23. Re1 Rd8 24. Qa7 Nxd3 25. Qb6 Rf8 26. Re2 Nf4 27.
Re4 g5 28. g3 d5 29. Re5 f6 30. Re7 Nxh3 31. Qc7 {Black resigns} 1-0

[Event "Team 45 45 League T49"]
[Site "Internet Chess Club"]
[Date "2011.06.11"]
[Round "5"]
[White "doublepar"]
[Black "Lyko"]
[Result "0-1"]
[WhiteElo "1366"]
[BlackElo "1364"]
[Opening "French: Winawer (Nimzovich) variation"]
[ECO "C15"]
[Time "13:00:32"]
[TimeControl "2700+45"]

1. e4 e6 2. d4 d5 3. Nc3 Bb4 4. Bd3 Ne7 5. Nf3 Ng6 6. O-O O-O 7. exd5 exd5 8. a3
Bxc3 9. bxc3 c6 10. c4 dxc4 11. Bxc4 Be6 12. Bxe6 fxe6 13. Re1 Qd5 14. Bg5 Nd7
15. Ne5 Ndxe5 16. dxe5 Qxd1 17. Raxd1 Rf5 18. h4 Raf8 19. Rd8 Rxd8 20. Bxd8 Rxe5
21. Rxe5 Nxe5 22. f3 Nc4 23. a4 Kf7 24. Kf2 Ke8 25. Bg5 Kd7 26. g4 a5 27. Ke2 b5
28. axb5 cxb5 29. Bc1 a4 30. Kd3 a3 31. Kc3 Kc6 32. Kb3 Kc5 33. Bxa3+ Nxa3 34.
Kxa3 Kc4 35. Kb2 b4 36. f4 g6 37. g5 Kd4 38. Kb3 Ke4 39. Kxb4 Kxf4 40. c4 e5 41.
c5 e4 42. c6 e3 43. c7 e2 44. c8=Q e1=Q+ 45. Qc3 Qxc3+ 46. Kxc3 Kg4 47. Kd4 Kxh4
48. Ke5 Kxg5 49. Ke4 Kg4 50. Ke5 h5 {White resigns} 0-1

[Event "Team 45 45 League T49"]
[Site "Internet Chess Club"]
[Date "2011.06.12"]
[Round "5"]
[White "JimGaming"]
[Black "jjaillet2007"]
[Result "1-0"]
[WhiteElo "1277"]
[BlackElo "1315"]
[Opening "French: advance, Paulsen attack"]
[ECO "C02"]
[Time "21:00:20"]
[TimeControl "2700+45"]

1. e4 e6 2. d4 d5 3. e5 c5 4. c3 Nc6 5. Nf3 cxd4 6. cxd4 Bb4+ 7. Nc3 Nge7 8. a3
Bxc3+ 9. bxc3 O-O 10. Bd3 f6 11. O-O fxe5 12. Nxe5 Nxe5 13. dxe5 Nf5 14. Qg4 Qh4
15. Qg5 Qxg5 16. Bxg5 h6 17. Be3 Nxe3 18. fxe3 Bd7 19. Rxf8+ Rxf8 20. Rf1 a6 21.
Bh7+ Kxh7 22. Rxf8 Bc6 23. g3 Kg6 24. h4 Kh5 25. Kf2 g5 26. hxg5 Kxg5 27. Rf6
Bd7 28. Rf7 Bc6 29. Rf4 a5 30. g4 b5 31. Kg3 h5 32. gxh5 Kxh5 33. Rf6 Bd7 34.
Rf7 Bc8 35. Kf4 Kg6 36. Rc7 Ba6 37. Ra7 Bc8 38. Rxa5 b4 39. cxb4 Kf7 40. Ra7+
Ke8 41. b5 Kd8 42. b6 Bd7 43. Ra8+ Ke7 44. Ra7 d4 45. exd4 Kd8 46. a4 Bc6 47. a5
Kc8 48. Rc7+ Kb8 49. Rxc6 Kb7 50. Rxe6 Ka6 51. d5 Kxa5 52. b7 Kb5 53. b8=Q+ Kc5
54. Ke4 Kc4 55. Rc6# {Black checkmated} 1-0

[Event "Team 45 45 League T49"]
[Site "Internet Chess Club"]
[Date "2011.06.14"]
[Round "5"]
[White "joaoazm"]
[Black "sere"]
[Result "1/2-1/2"]
[WhiteElo "1159"]
[BlackElo "1191"]
[Opening "Sicilian: closed, 2...Nc6"]
[ECO "B23"]
[Time "11:01:37"]
[TimeControl "2700+45"]

1. e4 c5 2. Nc3 Nc6 3. Bc4 e5 4. Qf3 Nf6 5. Nd5 Be7 6. Nxf6+ Bxf6 7. c3 O-O 8.
d3 d6 9. Bd5 Bd7 10. Ne2 Qe7 11. O-O Bg5 12. Bxg5 Qxg5 13. Ng3 Ne7 14. Bxb7 Rab8
15. Bd5 Nxd5 16. exd5 Rxb2 17. Ne4 Qg6 18. Qg3 Qh5 19. Qg5 Qxg5 20. Nxg5 Bb5 21.
c4 Bd7 22. Ne4 Bf5 23. Nxd6 Bxd3 24. Rfe1 f6 25. Re3 Rd2 26. Ne4 Bxe4 27. Rxe4
Rc2 28. Rae1 Rb8 29. f4 exf4 30. Re8+ Rxe8 31. Rxe8+ Kf7 32. Re1 Rxc4 33. d6 Rd4
34. Re7+ Kg6 35. d7 Kf5 36. a4 Kg6 37. a5 f5 38. a6 Kf6 39. d8=Q Rxd8 40. Rxa7
Rd1+ 41. Kf2 Ra1 42. Rc7 Rxa6 43. Rxc5 Kg5 44. Rc3 h5 45. g3 fxg3+ 46. Rxg3+ Kh4
47. Rxg7 Ra2+ 48. Kg1 Kh3 49. Rg3+ Kh4 50. Rg2 Rxg2+ 51. Kxg2 Kg4 52. h3+ Kf4
53. Kf2 Kg5 54. Kg3 f4+ 55. Kf3 Kh4 56. Kxf4 Kxh3 57. Kf3 {Game drawn by mutual
agreement} 1/2-1/2

[Event "Team 45 45 League T49"]
[Site "Internet Chess Club"]
[Date "2011.06.13"]
[Round "5"]
[White "vaknight"]
[Black "clarinetref"]
[Result "1-0"]
[WhiteElo "1771"]
[BlackElo "1603"]
[Opening "Bird's opening"]
[ECO "A02"]
[Time "21:36:14"]
[TimeControl "2700+45"]

1. f4 c5 2. b3 Nc6 3. Bb2 d5 4. e3 e6 5. Nf3 Nf6 6. Bb5 Bd7 7. O-O Be7 8. Bxc6
Bxc6 9. Ne5 Rc8 10. d3 O-O 11. Nd2 b5 12. Qe1 Nd7 13. Ndf3 f6 14. Nxc6 Rxc6 15.
g4 a5 16. a4 b4 17. h4 h6 18. Qg3 Qe8 19. Rf2 c4 20. g5 hxg5 21. hxg5 fxg5 22.
Raf1 c3 23. Bc1 Qb8 24. Nd4 Rb6 25. Qg4 Qd6 26. fxg5 Rxf2 27. Rxf2 Ne5 28. Qg2
Nf7 29. g6 Ng5 30. e4 Qe5 31. exd5 exd5 32. Re2 Qf6 33. Qxd5+ Kh8 34. Rh2+
{Black resigns} 1-0

[Event "Team 45 45 League T49"]
[Site "Internet Chess Club"]
[Date "2011.06.11"]
[Round "5"]
[White "PostMike"]
[Black "Giacometti"]
[Result "0-1"]
[WhiteElo "1465"]
[BlackElo "1658"]
[Opening "Caro-Kann: classical variation"]
[ECO "B18"]
[Time "14:31:33"]
[TimeControl "2700+45"]

1. e4 c6 2. d4 d5 3. Nc3 dxe4 4. Nxe4 Bf5 5. Ng3 Bg6 6. N1e2 Nf6 7. Nf4 e6 8.
Nxg6 hxg6 9. c3 Qc7 10. Qf3 Bd6 11. h3 Nbd7 12. Bd3 O-O-O 13. Ne4 Nxe4 14. Bxe4
Nf6 15. Bg5 Be7 16. O-O-O Qa5 17. Bxf6 Bxf6 18. Kb1 Rh5 19. Bc2 Rhd5 20. Bb3 Rf5
21. Qe2 Rf4 22. g3 Qf5+ 23. Bc2 Rxf2 24. Bxf5 Rxe2 25. Bd3 Re3 26. Rhg1 Rh8 27.
h4 g5 28. hxg5 Bxg5 29. Kc2 Rh3 30. g4 Rhg3 31. Rxg3 Rxg3 32. Be2 Rg2 33. Kd3
Rg3+ 34. Kc2 Re3 35. Kd2 Re4+ 36. Kd3 Re3+ 37. Kd2 Kd7 38. Re1 Kd6 39. Bd1 Re4+
{White resigns} 0-1

[Event "Team 45 45 League T49"]
[Site "Internet Chess Club"]
[Date "2011.06.13"]
[Round "5"]
[White "DanMcClintic"]
[Black "tryanything"]
[Result "1-0"]
[WhiteElo "1598"]
[BlackElo "1589"]
[Opening "KGD: Falkbeer, main line, 7...Bf5"]
[ECO "C32"]
[Time "18:43:54"]
[TimeControl "2700+45"]

1. e4 e5 2. f4 d5 3. exd5 e4 4. d3 Nf6 5. dxe4 Nxe4 6. Nf3 Bc5 7. Qe2 Bf5 8. Nc3
O-O 9. Nxe4 Bxe4 10. Qxe4 Re8 11. Ne5 f6 12. Bd3 g6 13. Be3 Bxe3 14. Qxe3 fxe5
15. O-O-O exf4 16. Qxf4 Nd7 17. Bb5 Rf8 18. Qd4 Qg5+ 19. Qd2 Qxd2+ 20. Rxd2 Nc5
21. Re1 a6 22. Bc4 b5 23. Bb3 Nxb3+ 24. axb3 Rf7 25. c4 Kg7 26. Rde2 Ra7 27. Kc2
b4 28. Kd3 c5 29. Re6 a5 30. Rc6 Rfc7 31. Ree6 Kf7 32. Ke4 Rab7 33. Rf6+ Kg7 34.
Ke5 Re7+ 35. Rce6 Red7 36. g4 Ra7 37. h4 a4 38. Ra6 a3 39. bxa3 bxa3 40. Rxa7
Rxa7 41. Rf1 a2 42. Ra1 Kf7 43. Kd6 Ra5 44. g5 Kg7 45. Kc6 h6 46. d6 hxg5 47.
hxg5 Kf7 48. d7 Ke7 49. Kc7 Ra7+ 50. Kb6 Rxd7 51. Rxa2 Rd3 52. Rb2 Ke6 53. Kxc5
Kf5 54. b4 Kxg5 55. Rg2+ Kf5 56. b5 g5 57. b6 Rb3 58. Kc6 Kf4 59. c5 g4 60. Kc7
Kf3 61. Rxg4 Kxg4 62. b7 Kf5 63. c6 Ke6 64. b8=Q Rc3 65. Qe8+ Kd5 66. Qh5+ Ke6
67. Qe2+ Kf5 68. Qf2+ Ke6 69. Qe1+ {Black resigns} 1-0

[Event "Team 45 45 League T49"]
[Site "Internet Chess Club"]
[Date "2011.06.14"]
[Round "5"]
[White "Aquaman"]
[Black "SeniorCitizen"]
[Result "0-1"]
[WhiteElo "1290"]
[BlackElo "1343"]
[Opening "Réti opening"]
[ECO "A05"]
[Time "16:00:11"]
[TimeControl "2700+45"]

1. Nf3 Nf6 2. g3 d5 3. Bg2 e6 4. O-O Bc5 5. c3 O-O 6. b4 Bb6 7. a4 c6 8. a5 Bc7
9. d3 b6 10. axb6 Bxb6 11. Nbd2 Nbd7 12. e4 Bc7 13. Re1 Bb7 14. e5 Ng4 15. d4
Nh6 16. Nf1 a5 17. Bxh6 gxh6 18. h4 axb4 19. Rxa8 Qxa8 20. cxb4 Qa3 21. Qb1 Qa4
22. Re2 Ra8 23. Rb2 Qa1 24. Qc2 Qa4 25. Qd2 Kg7 26. N3h2 f5 27. Bf3 Nb6 28. Ne3
Bd8 29. h5 Bg5 30. Nhf1 Qa1 31. Kg2 Nc4 32. Nxf5+ Kh8 33. Qd1 Qxd1 34. Bxd1 Nxb2
35. N5e3 Bxe3 36. Nxe3 Nxd1 37. Nxd1 Ra4 38. b5 Rxd4 39. Nc3 c5 40. f4 Rb4 41.
Kh3 d4 42. Ne4 d3 43. Nd2 Rxb5 44. Kg4 Bc8 45. Kf3 Ba6 46. g4 Rb8 47. f5 exf5
48. gxf5 Kg7 49. f6+ Kf7 50. Ke3 Rg8 51. Ke4 Rg5 52. Kd5 c4 53. Ne4 Rxh5 54. Kd6
Bc8 55. Kd5 Be6+ 56. Kd4 Rh4 57. Ke3 Rxe4+ 58. Kxe4 d2 {White resigns} 0-1

[Event "Team 45 45 League T49"]
[Site "Internet Chess Club"]
[Date "2011.06.12"]
[Round "5"]
[White "Tamarin"]
[Black "Razorbackchess"]
[Result "1-0"]
[WhiteElo "1824"]
[BlackElo "1833"]
[Opening "King's Indian: orthodox, Aronin-Taimanov, bayonet attack"]
[ECO "E97"]
[Time "21:00:31"]
[TimeControl "2700+45"]

1. d4 Nf6 2. c4 g6 3. Nc3 Bg7 4. e4 d6 5. Nf3 O-O 6. Be2 e5 7. O-O Nc6 8. d5 Ne7
9. b4 a5 10. Qb3 axb4 11. Qxb4 b6 12. h3 Ne8 13. Be3 f5 14. a4 f4 15. Bd2 h6 16.
a5 bxa5 17. Rxa5 Rxa5 18. Qxa5 Bd7 19. Rb1 g5 20. Nh2 Nf6 21. Rb7 c5 22. Qa7 Nc8
23. Qa6 Qe8 24. Nb5 Bxb5 25. cxb5 Nxe4 26. Ba5 c4 27. Bb4 Bf6 28. Bxc4 Be7 29.
Bd3 Nf6 30. Bf5 Qh5 31. Bxc8 Rxc8 32. Rxe7 Rc1+ 33. Nf1 Kf8 34. Qxd6 Rxf1+ 35.
Kxf1 Qd1+ 36. Be1 {Black resigns} 1-0